 Dungeon Crawl Stone Soup version 0.24.1-4-ge52af88ad5 (webtiles) character file.

Game seed: 4190800254089186661, levelgen mode: deterministic

343 Jdopus the Cutter (level 6, 0/40 HPs)
             Began as a Kobold Berserker on Apr 18, 2020.
             Was a Believer of Trog.
             Killed by divine providence
             ... invoked by an orc priest
              (13 damage)
             ... on level 4 of the Dungeon.
             The game lasted 00:15:31 (3100 turns).

Jdopus the Cutter (Kobold Berserker)                Turns: 3100, Time: 00:15:31

Health: 0/40       AC: 12    Str: 15    XL:     6   Next: 88%
Magic:  6/6        EV: 10    Int:  9    God:    Trog [**....]
Gold:   177        SH:  0    Dex: 15    Spells: 5/5 levels left

rFire    . . .     SeeInvis .   a - +0 short sword
rCold    . . .     Gourm    +   (shield restricted)
rNeg     . . .     Faith    .   l - +0 chain mail
rPois    .         Spirit   .   s - +0 helmet
rElec    .         Reflect  .   i - +0 cloak
rCorr    .         Harm     .   h - +0 pair of gloves
MR       .....                  (no boots)
Stlth    ..........             d - amulet of the gourmand
HPRegen  0.13/turn              (no ring)
MPRegen  0.10/turn              (no ring)

@: no status effects
A: small, carnivore
a: Berserk, Trog's Hand, Renounce Religion


You were on level 4 of the Dungeon.
You worshipped Trog.
Trog was pleased with you.
You were completely stuffed.

You visited 1 branch of the dungeon, and saw 4 of its levels.

You collected 177 gold pieces.

Inventory:

Hand Weapons
 a - a +0 short sword (weapon)
 g - a +0 dagger
 m - a +0 whip
 u - a +2 whip of pain
Missiles
 r - 6 javelins
Armour
 h - a +0 pair of gloves (worn)
 i - a +0 cloak (worn)
 l - a +0 chain mail (worn)
 s - a +0 helmet (worn)
Jewellery
 d - an amulet of the gourmand (around neck)
Scrolls
 n - 2 scrolls of amnesia {unknown}
 o - a scroll of random uselessness {unknown}
 p - 7 scrolls of identify
 t - a scroll of enchant weapon {unknown}
Potions
 e - a potion of cancellation
 q - 2 potions of brilliance {unknown}
Comestibles
 b - a chunk of flesh
 c - 4 rations


   Skills:
 + Level 5.2 Fighting
 + Level 6.3 Short Blades
 + Level 2.6 Armour
 + Level 3.7 Dodging
 + Level 1.2 Stealth


You had 5 spell levels left.
You didn't know any spells.
Your spell library was empty.

Dungeon Overview and Level Annotations

Branches:
Dungeon (4/15)
 Temple: D:4-7

Altars:
Dithmenos
Wu Jian


Innate Abilities, Weirdness & Mutations

You are small and have problems with some larger weapons.
You are carnivorous and can eat meat at any time.


Message History

The leopard gecko barely misses you.
As you read the scroll labeled HEIRCH XAAGAOGO, it crumbles to dust.
The creatures around you are filled with an inner flame!
It was a scroll of immolation.
The leopard gecko bites you but does no damage.
You closely miss the leopard gecko.
The leopard gecko is almost dead.
The leopard gecko bites you but does no damage.
You hit the leopard gecko but do no damage.
The leopard gecko is almost dead.
The leopard gecko bites you.
The orc priest miscasts a cantrip.
You closely miss the leopard gecko.
The leopard gecko is almost dead.
The leopard gecko bites you but does no damage.
You completely miss the leopard gecko.
The leopard gecko is almost dead.
The orc priest calls down the wrath of Beogh upon you.
Beogh smites you!
You die...

##..##...........##
#######...
#..###........#..###.........
##.#####......#.)............
#..# ###..(##..............
#..# ###.##..............
##.#### ####............##
#..#.#### ##o........####
##......####o{o....####
#.......#@lo##...###
#.......§§######...##
##.......§..# #####..### #
#.......>.§§###....#...####
##..........##...........#.
#.........###.............
### ##..<...###
#............. #..####.#...##
#..(......###. #....#.######
########### #.


You could see 2 orc priests, 2 orcs and a leopard gecko (inner flame).

Vanquished Creatures
  A sky beast (D:3)
  Crazy Yiuf (D:2)
  Terence (D:2)
  Natasha (thrice) (D:2)
  4 adders
  An ooze (D:2)
  2 worms (D:3)
  A dart slug (D:1)
  2 leopard geckos
  8 orcs
  4 giant cockroaches
  8 goblins
  6 hobgoblins
  9 kobolds
  2 quokkas
  A ball python (D:3)
  6 bats
  3 frilled lizards (D:1)
  7 rats
70 creatures vanquished.

Notes
Turn   | Place    | Note
-------+----------+-------------------------------------------
     0 | D:1      | Jdopus the Kobold Berserker began the quest for the Orb.
     0 | D:1      | Reached XP level 1. HP: 14/14 MP: 1/1
   204 | D:1      | Reached XP level 2. HP: 19/19 MP: 2/2
   818 | D:1      | Reached XP level 3. HP: 22/23 MP: 3/3
  1230 | D:2      | Reached skill level 5 in Short Blades
  1306 | D:2      | Noticed Terence
  1324 | D:2      | Killed Terence
  1324 | D:2      | Reached XP level 4. HP: 25/29 MP: 4/4
  1385 | D:2      | Noticed Natasha
  1393 | D:2      | Killed Natasha
  1487 | D:2      | Reached ** piety under Trog
  1545 | D:2      | Reached skill level 1 in Stealth
  1767 | D:2      | Found a runed translucent door.
  1769 | D:2      | Noticed Crazy Yiuf
  1776 | D:2      | Killed Crazy Yiuf
  1776 | D:2      | Reached XP level 5. HP: 33/33 MP: 5/5
  1843 | D:2      | Noticed Natasha
  1858 | D:2      | Killed Natasha
  1932 | D:2      | Noticed Natasha
  1941 | D:2      | Killed Natasha
  2058 | D:3      | Reached skill level 6 in Short Blades
  2058 | D:3      | Reached XP level 6. HP: 37/39 MP: 6/6
  2115 | D:3      | Noticed a sky beast
  2130 | D:3      | Killed a sky beast
  2130 | D:3      | Reached skill level 5 in Fighting
  2683 | D:3      | Found an ornate altar of the Wu Jian Council.
  2850 | D:4      | Found a shadowy altar of Dithmenos.
  3100 | D:4      | Killed from afar by an orc priest

Levels and vault maps discovered:
D:1:      arrival_zaba_pyramid, layout_loops_ring, grunt_decor_cap
D:2:      layout_rooms, uniq_terence, uniq_crazy_yiuf_cottage, uniq_natasha
D:3:      layout_basic, lemuel_coloured_pillars_altar, minmay_door_square,
          minmay_misc_feat_room, kennysheep_generic_room_11
D:4:      layout_cave_pods, grunt_dithmenos_smoke

Skill      XL: |  1  2  3  4  5  6 |
---------------+-------------------+-----
Short Blades   | 5 6 |  6.3
Dodging        | 3 |  3.7
Fighting       | 4 5 |  5.2
Stealth        | 1 |  1.2
Armour         | 2 |  2.6

Action                   |  1- 3 |  4- 6 || total
-------------------------+-------+-------++-------
Melee: Short sword       |   102 |   236 ||   338
Invok: Berserk           |     1 |     5 ||     6
  Use: Scroll            |     2 |     2 ||     4
       Potion            |     1 |     4 ||     5
 Stab: Sleeping          |     2 |       ||     2
  Eat: Chunk             |     5 |    16 ||    21
Armor: Robe              |    25 |       ||    25
       Chain mail        |       |   132 ||   132
Dodge: Dodged            |    89 |   115 ||   204
